 Dungeon Crawl Stone Soup version 0.29.0-4-gdea44cf6ec (webtiles) character file.

Game seed: 3414456771481009612

316 qw the Chopper (level 6, -5/46 (48) HPs)
             Began as a Barachi Chaos Knight on Sept 4, 2022.
             Slain by an iron imp (7 damage)
             ... summoned by Xom
             ... on level 4 of the Dungeon.
             The game lasted 00:01:42 (4272 turns).

qw the Chopper (Barachi Chaos Knight)               Turns: 4272, Time: 00:01:42

HP:   -5/46 (48)    AC:  9    Str: 15    XL:     6   Next: 44%
MP:   0/6           EV:  6    Int: 12    God:
Gold: 129           SH:  0    Dex: 10    Spells: 5/5 levels left

rFire   . . .      SeeInvis .   Y - +0 hand axe (flame)
rCold   . . .      Faith    .   (no shield)
rNeg    . . .      Spirit   +   o - +0 chain mail
rPois   .          Reflect  .   (helmet restricted)
rElec   .          Harm     .   (no cloak)
rCorr   +          Rampage  .   (no gloves)
Will    .....                   (no boots)
Stlth   ..........              m - amulet of guardian spirit
HPRegen 0.15/turn               k - ring of resist corrosion
MPRegen 0.10/turn               (no ring)

@: about to teleport, lightly drained, slow
A: amphibious, slowness 1, strong legs 1, +LOS, antennae 1, beak, talons 1,
clumsy 1, wild magic 1, MP-powered wands
a: Hop


You were on level 4 of the Dungeon.
You visited 1 branch of the dungeon, and saw 4 of its levels.

You collected 178 gold pieces.
You spent 49 gold pieces at shops.


Innate Abilities, Weirdness & Mutations

You are amphibious.
You cover ground slowly.
You can hop short distances.
You have an extended range of vision and can be seen from far away.
You have a pair of small antennae on your head.
You have a beak for a mouth.
You have sharp toenails.
You are clumsy. (Dex -2)
Your spells are a little harder to cast, but a little more powerful.
You expend magic power (3 MP) to strengthen your wands.


   Skills:
 - Level 4.1 Fighting
 + Level 7.2 Axes
 - Level 3.2 Armour
 - Level 1.1 Dodging


You had 5 spell levels left.
You didn't know any spells.
Your spell library was empty.

Inventory:

Hand Weapons
 Y - a +0 hand axe of flaming (weapon)
Armour
 o - a +0 chain mail (worn)
Jewellery
 d - a ring of ice
 k - a ring of resist corrosion (left hand)
 m - an amulet of guardian spirit (around neck)
Scrolls
 a - 2 scrolls of identify
 e - a scroll of teleportation
 h - 2 scrolls of poison {unknown}
 i - a scroll of enchant weapon {unknown}
Potions
 b - 3 potions of curing
 f - 2 potions of heal wounds
 g - a potion of lignification {unknown}
Miscellaneous
 c - a piece from Xom's chessboard (15/15)

Dungeon Overview and Level Annotations

Branches:
Dungeon (4/15)             Temple (0/1) D:4

Altars:
Nemelex Xobeh
The Shining One

Shops:
D:1 !   D:3 [

Annotations:
D:4 1 runed translucent door, Crazy Yiuf


Message History

You hit the chaos spawn but do no damage.
You hit the white imp but do no damage. You hit the hellwing but do no damage.
You hit the iron imp but do no damage.
The iron imp hits you but does no damage.
You hit the shadow imp but do no damage.
The shadow imp is heavily wounded.
You barely miss the iron imp. You miss the chaos spawn.
You closely miss the white imp. You closely miss the hellwing.
The chaos spawn closely misses you. The hellwing hits you! x2
The shadow imp barely misses you. The iron imp barely misses you.
You hit the shadow imp. You burn the shadow imp. You peck the shadow imp.
You kill the shadow imp!
The shadow imp disappears in a puff of smoke!
You hit the chaos spawn but do no damage.
You barely miss the white imp. You closely miss the hellwing.
You hit the iron imp. The chaos spawn gores you.
The white imp hits you but does no damage.
The hellwing closely misses you. The hellwing hits you.
The ufetubus barely misses you. x2
You hit the iron imp but do no damage.
You peck the iron imp, but do no damage.
The iron imp is moderately wounded.
You hit the ufetubus but do no damage. You hit the chaos spawn.
You burn the chaos spawn. You closely miss the white imp.
You hit the hellwing but do no damage. The chaos spawn hits you!
You feel drained. The white imp barely misses you.
The hellwing barely misses you. The hellwing closely misses you.
The ufetubus hits you but does no damage.
The ufetubus completely misses you. The iron imp hits you.
4272 ||| READING 2 scrolls of teleportation.
As you read the scroll of teleportation, it crumbles to dust.
You feel strangely unstable.
The ufetubus hits you but does no damage. x2
The white imp hits you. The white imp freezes you.
The chaos spawn gores you but does no damage.
The hellwing barely misses you.
The hellwing hits you but does no damage.
The iron imp hits you!
You die...

.#######.###.######..>###.#.#.#
##.#...# #(..# #.#.#.# ##.##.##
#...# #.....###
####.##..####...# #........
#...........##...###.....###
.(####^####.##..............
.... #.#5#..........### ......
#55##..........# #......{#@##
[........# #
#..._..55444...........###
#.......#55##.............
#.......#..# .........###
...... #... .........# # ###^##
#..#. .........# ... ...##
########## ##. ##.# # ..


You could see a hellwing (summoned), 2 chaos spawn, an iron imp (summoned), a
crimson imp (summoned), 2 white imps and 3 ufetubi.

Vanquished Creatures
  A howler monkey (D:4)
  2 hounds (D:3)
  A jelly (D:3)
  An iguana (D:4)
  Natasha (D:4)
  4 adders
  3 gnolls
  A worm (D:2)
  4 dart slugs
  An orc (D:4)
  3 bats
  5 endoplasms
  3 giant cockroaches
  4 hobgoblins
  7 kobolds
  8 quokkas
  5 ball pythons
  2 frilled lizards
  4 goblins
  6 rats
66 creatures vanquished.

Vanquished Creatures (others)
  7 plants (D:2)
7 creatures vanquished.

Grand Total: 73 creatures vanquished

Notes
Turn   | Place    | Note
-------+----------+-------------------------------------------
     0 | D:1      | qw the Barachi Chaos Knight began the quest for the Orb.
     0 | D:1      | Reached XP level 1. HP: 18/18 MP: 1/1
     0 | D:1      | 0 ||| qw: Version: 0.1-a-103-gd6f5d3a
     0 | D:1      | 0 ||| qw: Game counter: 5682
     0 | D:1      | 0 ||| qw: Always use a shield: true
     0 | D:1      | 0 ||| qw: God list: Okawaru
     0 | D:1      | 0 ||| qw: Allow faded altars: false
     0 | D:1      | 0 ||| qw: Do Orc after D:15 true
     0 | D:1      | 0 ||| qw: Do second Lair branch before Depths: true
     0 | D:1      | 0 ||| qw: Lair rune preference: random
     0 | D:1      | 0 ||| qw: Plans: Normal
     0 | D:1      | 0 ||| PLANNING D:1-11
     0 | D:1      | Fell from the grace of Xom
   156 | D:1      | Reached XP level 2. HP: 24/24 MP: 2/2
   162 | D:1      | Reached skill level 4 in Axes
   573 | D:1      | Found Kogeheakh's Distillery.
   579 | D:1      | 579 ||| SHOPLISTING 2 potions of cancellation (208 gold,
                  | have 15).
   579 | D:1      | 579 ||| SHOPLISTING 2 potions of curing (78 gold, have 15).
   579 | D:1      | 579 ||| SHOPLISTING potion of cancellation (104 gold, have
                  | 15).
   579 | D:1      | 579 ||| SHOPLISTING potion of curing (39 gold, have 15).
   579 | D:1      | 579 ||| SHOPLISTING potion of haste (130 gold, have 15).
   579 | D:1      | 579 ||| Stepping ~*~*~tactically~*~*~ (hiding).
   681 | D:1      | 681 ||| Stepping ~*~*~tactically~*~*~ (hiding).
   691 | D:1      | Reached XP level 3. HP: 29/29 MP: 3/3
   768 | D:1      | You fall into a shaft and drop 1 floor!
   793 | D:2      | 793 ||| DROPPING +0 club.
   797 | D:2      | 797 ||| UPGRADING to +0 ring mail.
   807 | D:2      | 807 ||| DROPPING +2 leather armour.
   808 | D:2      | 808 ||| UPGRADING to amulet of guardian spirit.
   813 | D:2      | 813 ||| READING 3 scrolls labelled MYMONO NAONE.
   814 | D:2      | 814 ||| READING scroll labelled EMIACI SONLEBB.
   815 | D:2      | 815 ||| READING scroll labelled DEADIL BEFAEFE.
   816 | D:2      | 816 ||| DROPPING +0 mace.
   817 | D:2      | 817 ||| READING scroll labelled AGHOFF NAREPHA.
   822 | D:2      | 822 ||| READING 2 scrolls of identify.
   822 | D:2      | 822 ||| IDENTIFYING glowing amethyst potion
   823 | D:2      | 823 ||| DROPPING potion of attraction.
  1119 | D:1      | XOM: torment (17/29 hp)
  1615 | D:2      | 1615 ||| Stepping ~*~*~tactically~*~*~ (stealth).
  1616 | D:2      | 1616 ||| Stepping ~*~*~tactically~*~*~ (stealth).
  1631 | D:2      | Reached skill level 5 in Axes
  1815 | D:2      | Found a faded altar of an unknown god.
  1836 | D:2      | Reached XP level 4. HP: 36/36 MP: 4/4
  1966 | D:2      | XOM: give mutations
  1966 | D:2      | Gained mutation: You expend magic power (3 MP) to
                  | strengthen your wands. [Xom's grace]
  1966 | D:2      | Gained mutation: You have hidden genetic potential. [Xom's
                  | grace]
  1966 | D:2      | Gained mutation: You have a pair of small antennae on your
                  | head. [Xom's grace]
  1966 | D:2      | Gained mutation: Your spells are a little harder to cast,
                  | but a little more powerful. [Xom's grace]
  2073 | D:2      | 2073 ||| READING 3 scrolls labelled YFAENUG HUQIGE.
  2074 | D:2      | 2074 ||| DRINKING 2 puce potions.
  2075 | D:2      | 2075 ||| READING 2 scrolls of identify.
  2075 | D:2      | 2075 ||| IDENTIFYING smoky silvery potion
  2076 | D:2      | 2076 ||| DROPPING 2 scrolls of fear.
  2091 | D:3      | XOM: scenery: summon butterflies
  2204 | D:3      | 2204 ||| Stepping ~*~*~tactically~*~*~ (stealth).
  2205 | D:3      | 2205 ||| Stepping ~*~*~tactically~*~*~ (stealth).
  2206 | D:3      | 2206 ||| Stepping ~*~*~tactically~*~*~ (stealth).
  2211 | D:3      | 2211 ||| Stepping ~*~*~tactically~*~*~ (stealth).
  2428 | D:3      | Reached skill level 6 in Axes
  2525 | D:3      | Found Zamia's Armour Shop.
  2550 | D:3      | 2550 ||| BUYING +0 chain mail (49 gold).
  2550 | D:3      | Bought a +0 chain mail for 49 gold pieces
  2550 | D:3      | 2550 ||| SHOPLISTING +1 ring mail of fire resistance (176
                  | gold, have 105).
  2550 | D:3      | 2550 ||| SHOPLISTING +4 ring mail of poison resistance (308
                  | gold, have 105).
  2631 | D:3      | XOM: polymorph endoplasm -> gnoll
  2643 | D:3      | Reached XP level 5. HP: 29/42 MP: 3/5
  2643 | D:3      | Gained mutation: You have a beak for a mouth. [hidden
                  | potential]
  2742 | D:3      | Found a glowing golden altar of the Shining One.
  2857 | D:3      | XOM: noise
  3024 | D:3      | 3024 ||| UPGRADING to +0 scale mail.
  3034 | D:3      | 3034 ||| DROPPING +0 ring mail.
  3035 | D:3      | 3035 ||| UPGRADING to +0 chain mail.
  3045 | D:3      | 3045 ||| DROPPING +0 scale mail.
  3046 | D:3      | 3046 ||| UPGRADING to ring of resist corrosion.
  3047 | D:3      | 3047 ||| READING scroll labelled LEIFIN ENAKK.
  3166 | D:3      | 3166 ||| READING scroll labelled SEIDIN ICZIOVA.
  3167 | D:3      | 3167 ||| READING scroll labelled HUNAUHANIV.
  3168 | D:3      | 3168 ||| READING scroll labelled HIOWEOPHYOGE.
  3169 | D:3      | 3169 ||| READING scroll labelled DECUPUNIET.
  3170 | D:3      | 3170 ||| READING 3 scrolls of identify.
  3170 | D:3      | 3170 ||| IDENTIFYING viscous dark potion
  3171 | D:3      | 3171 ||| READING 2 scrolls of identify.
  3171 | D:3      | 3171 ||| IDENTIFYING coppery potion
  3172 | D:3      | 3172 ||| DROPPING potion of degeneration.
  3173 | D:3      | 3173 ||| DROPPING potion of brilliance.
  3209 | D:4      | Found a staircase to the Ecumenical Temple.
  3226 | D:4      | 3226 ||| Stepping ~*~*~tactically~*~*~ (stealth).
  3251 | D:4      | Reached XP level 6. HP: 21/48 MP: 1/6
  3251 | D:4      | Gained mutation: You have sharp toenails. [hidden
                  | potential]
  3251 | D:4      | Lost mutation: You have hidden genetic potential. [hidden
                  | potential expressed]
  3261 | D:4      | Reached skill level 7 in Axes
  3498 | D:4      | 3498 ||| Stepping ~*~*~tactically~*~*~ (stealth).
  3620 | D:4      | 3620 ||| Stepping ~*~*~tactically~*~*~ (hiding).
  3671 | D:4      | XOM: give mutation
  3671 | D:4      | Gained mutation: You are clumsy. (Dex -2) [Xom's mischief]
  3764 | D:4      | 3764 ||| Stepping ~*~*~tactically~*~*~ (hiding).
  3766 | D:4      | 3766 ||| Stepping ~*~*~tactically~*~*~ (hiding).
  3912 | D:4      | XOM: torment (28/48 hp)
  4083 | D:4      | Found a runed translucent door.
  4084 | D:4      | Noticed Crazy Yiuf
  4188 | D:4      | Found a sparkling altar of Nemelex Xobeh.
  4235 | D:4      | Noticed Natasha
  4236 | D:4      | 4236 ||| Stepping ~*~*~tactically~*~*~ (hiding).
  4250 | D:4      | Killed Natasha
  4251 | D:4      | Reached skill level 3 in Armour
  4264 | D:4      | XOM: summons 12 hostile demons
  4265 | D:4      | Noticed a chaos spawn
  4265 | D:4      | Noticed a chaos spawn
  4265 | D:4      | Noticed a hellwing
  4271 | D:4      | HP: 12/48 [chaos spawn[Xom] (7)]
  4272 | D:4      | 4272 ||| READING 2 scrolls of teleportation.
  4272 | D:4      | HP: 4/46 [white imp[Xom] (3)]
  4272 | D:4      | Slain by an iron imp

Levels and vault maps discovered:
D:1:      amcnicky_arrival_feature_with_door, layout_basic, serial_shops,
          shop_statue, nicolae_kite_square_tiling_tiny
D:2:      layout_loops_ring, chequers_ecumenical_altar_lobes,
          minmay_misc_feat_square
D:3:      layout_rooms, mainiacjoe_overflow_small_starburst, serial_shops,
          shop_statue, hangedman_decor_riveting, cheibrodos_gnoll_hut
D:4:      layout_loops_ring, lemuel_tele_altar,
          minmay_temple_entry_from_below_a, st_stairs_1,
          nicolae_figureground_sparkle, uniq_crazy_yiuf_cottage, uniq_natasha

Skill      XL: |  1  2  3  4  5  6 |
---------------+-------------------+-----
Axes           | 4 5 6 7 |  7.2
Fighting       | 4 |  4.1
Armour         | 3 |  3.2
Dodging        | |  1.1

Action                   |  1- 3 |  4- 6 || total
-------------------------+-------+-------++-------
Melee: Hand axe          |   101 |   149 ||   250
       Punch             |     1 |     3 ||     4
       Peck              |       |    22 ||    22
       Kick              |       |     9 ||     9
Invok: Renounce Religion |     1 |       ||     1
  Use: Scroll            |     5 |    10 ||    15
       Potion            |       |     1 ||     1
Armor: Leather armour    |    15 |       ||    15
       Ring mail         |    12 |    28 ||    40
       Chain mail        |       |    32 ||    32
Dodge: Dodged            |    43 |    67 ||   110

Table legend:
 A = Non-vault XP
 B = Vault XP
 C = Vault XP percentage of total XP
 D = Non-vault monster count
 E = Vault monster count
 F = Vault count percentage of total count
                 A         B        C        D         E       F
            +---------+---------+-------+---------+---------+-------
      Total |     299 |     153 |  33.8 |      60 |       6 |   9.1
            +---------+---------+-------+---------+---------+-------
        D:1 |      42 |       0 |   0.0 |      23 |       0 |   0.0
        D:2 |      46 |       0 |   0.0 |      10 |       0 |   0.0
        D:3 |     104 |     102 |  49.5 |      16 |       3 |  15.8
        D:4 |     107 |      51 |  32.3 |      11 |       3 |  21.4
            +---------+---------+-------+---------+---------+-------
